 Dungeon Crawl Stone Soup version 0.31-a0-1074-g0b22e4e0f1 (webtiles) character file.

Game seed: 6133229716713464501

213 ytrimaz the Sneak (level 5, 0/49 HPs)
             Began as an Octopode Shapeshifter on Dec 1, 2023.
             Slain by an elf zombie (2 damage)
             ... in an ossuary.
             The game lasted 00:03:45 (2367 turns).

ytrimaz the Sneak (Octopode Shapeshifter)           Turns: 2367, Time: 00:03:45

Health: 0/49       AC: 22    Str: 14    XL:     5   Next: 90%
Magic:  5/5        EV:  2    Int: 12    God:
Gold:   72         SH:  0    Dex: 13    Spells: 4/4 levels left

rFire   . .          .
                       - Unarmed
rCold   . . .        (no shield)
rNeg    + . .        (helmet currently unavailable)
rPois   +            (no amulet)
rElec   +            f - ring of willpower
rCorr   .            w - ring of the Kitsune {rElec rN+}
SInv    .            (no ring)
Will    +....        (no ring)
Stlth   +++          (no ring)
HPRegen 0.28/turn    (no ring)
MPRegen 0.09/turn    (no ring)
                     (no ring)

%: no passive effects
@: tree-form, marked
A: stationary, stasis, torment immunity, boosted hp, almost no armour,
(amphibious), 8 rings, (camouflage 1), (gelatinous body 1), (nimble swimmer 1),
(tentacles)
a: no special abilities


You were in an ossuary.
You were a tree.
You visited 1 branch of the dungeon, and saw 4 of its levels.
You also visited: Ossuary.

You collected 72 gold pieces.


Innate Abilities, Weirdness & Mutations

You are a tree.
Your roots penetrate the ground, keeping you stationary.
You cannot be teleported.
You are immune to unholy pain and torment.
Your maximum health is greatly increased.
You cannot wear most types of armour.
((You are amphibious.))
You can wear up to eight rings at the same time.
((Your skin changes colour to match your surroundings (Stealth+).))
((Your rubbery body absorbs attacks. (AC +1, EV +1)))
((You are camouflaged when in or above water. (Stealth+)))
((You have tentacles for arms and can constrict up to eight enemies at once.))


   Skills:
 - Level 1.0 Fighting
 - Level 2.0 Dodging
 + Level 4.4 Stealth
 + Level 4.4 Unarmed Combat
 + Level 4.1 Shapeshifting


You had 4 spell levels left.
You didn't know any spells.
Your spell library contained the following spells:

 Spells                   Type           Power      Damage    Failure   Level
 Blink                    Tloc           0%         N/A       45%         2
 Ensorcelled Hibernation  Hex/Ice        0%         N/A       45%         2
 Lesser Beckoning         Tloc           0%         N/A       45%         2
 Momentum Strike          Conj/Tloc      0%         3d8       45%         2
 Passwall                 Tmut/Erth      0%         N/A       45%         2
 Swiftness                Air            0%         N/A       69%         3

Inventory:

Jewellery
 f - a ring of willpower (left branch)
   (You found it on level 1 of the Dungeon)
 w - the ring of the Kitsune (right branch) {rElec rN+}
   (You found it on level 3 of the Dungeon)

   [ring of positive energy]

   rElec:     It insulates you from electricity.
   rN+:       It protects you from negative energy.
Talismans
 b - a beast talisman
 c - a flux talisman
Scrolls
 g - 2 scrolls of enchant armour
 j - a scroll of enchant weapon
 m - a scroll of teleportation
 o - a scroll of torment {unknown}
 p - a scroll of poison {unknown}
 r - 2 scrolls of fear {unknown}
 s - a scroll of brand weapon {unknown}
 t - a scroll of fog {unknown}
 v - a scroll of blinking {unknown}
Potions
 e - a potion of haste {unknown}
 h - a potion of degeneration {unknown}
 i - 2 potions of attraction {unknown}
 n - a potion of cancellation {unknown}
 q - a potion of mutation {unknown}
 u - a potion of resistance {unknown}

Dungeon Overview and Level Annotations

Branches:
Dungeon (4/15) Zot: 21872 Ossuary (1/1) Zot: 5773
 Temple: D:4-7

Altars:
Nemelex Xobeh

#...# ....'####Z..#
#.Z.### #.∩.....#...#
#.Z.#.. #.......#Z..#
#.M.#.# #.......#ZZ.#
#M..#.####.......#...#
#.Z.#Z...Z.......#...#
#.Z.#Z####.^####.#...#
#...#Z#..#..# #Z..#
#...#.♣..#Z.# #...#
#...######Z.######...#
#...Z.ZZ.............#
#.....Z..8..8........#
#....................#
#....................#
######################


You could see 2 orc zombies and an elf zombie.


Message History

You take 6 damage, and now have 25/33 hp.
You tentacle-slap the elf zombie. You grab the elf zombie.
You constrict the elf zombie. The elf zombie misses you. The mummy misses you.
The orc zombie closely misses you.
Unknown command.
You release your grip on the elf zombie.
The rat zombie bites you. 😮 HP[-1]
You take 1 damage, and now have 24/33 hp.
The rat zombie barely misses you.
The orc zombie attacks as it pursues you!
The orc zombie completely misses you. 😕 HP[+1]
An elf zombie comes into view.
The orc zombie hits you.
An orc zombie comes into view. 😮 HP[-1]
You take 1 damage, and now have 24/33 hp.
The mummy barely misses you.
A hobgoblin zombie comes into view.
An orc zombie comes into view. 😕 HP[+1]
An elf zombie comes into view.
The elf zombie hits you. 😮 HP[-5]
You take 5 damage, and now have 20/33 hp.
The sentinel's mark upon you fades away.
The hobgoblin zombie closely misses you.
The elf zombie attacks as it pursues you!
The elf zombie barely misses you.
The orc zombie hits you but does no damage.
The hobgoblin zombie hits you but does no damage.
The orc zombie hits you but does no damage. 😮 HP[+1]
The elf zombie barely misses you.
The elf zombie attacks as it pursues you!
The elf zombie closely misses you.
The orc zombie attacks as it pursues you!
The orc zombie closely misses you. 😮 HP[+1]
The elf zombie attacks as it pursues you!
The elf zombie hits you.
* * * LOW HITPOINT WARNING * * *
😨 HP[-6]
You take 6 damage, and now have 16/33 hp. 😮 HP[+1] 😮 HP[+1]
The elf zombie sets off the alarm!
The alarm trap emits a blaring wail!
A sentinel's mark forms upon you. 😮 HP[+1]
The elf zombie sets off the alarm!
The alarm trap emits a blaring wail!
The mark upon you grows brighter.
Unknown command. 😮 HP[+1]
You start resting.
An elf zombie is nearby! 😮 HP[+1] Unknown command.
You barely miss the elf zombie. Your grab misses the elf zombie.
The elf zombie hits you. 😮 HP[-2]
You take 2 damage, and now have 19/33 hp.
You bludgeon the elf zombie! Your grab misses the elf zombie.
You squeeze the elf zombie! The elf zombie hits you. 😮 HP[-2]
You take 2 damage, and now have 17/33 hp.
You closely miss the elf zombie. Your grab misses the elf zombie.
Your squeeze misses the elf zombie. You barely miss the elf zombie.
You grab the elf zombie. You squeeze the elf zombie!
You constrict the elf zombie. The elf zombie hits you.
* * * LOW HITPOINT WARNING * * *
😨 HP[-6]
You take 6 damage, and now have 11/33 hp.
You tentacle-slap the elf zombie. You squeeze the elf zombie!
You constrict the elf zombie, but do no damage.
The elf zombie hits you.
* * * LOW HITPOINT WARNING * * *
😨 HP[-2]
You take 2 damage, and now have 9/33 hp.
You bludgeon the elf zombie!
You constrict the elf zombie. 😨 HP[+1] Unknown command.
You bludgeon the elf zombie! You constrict the elf zombie.
The elf zombie hits you.
* * * LOW HITPOINT WARNING * * *
😱 HP[-2]
You take 2 damage, and now have 8/33 hp.
Unknown command.
You barely miss the elf zombie. You constrict the elf zombie.
The elf zombie hits you!
* * * LOW HITPOINT WARNING * * *
😱 HP[-7]
You take 7 damage, and now have 1/33 hp.
MASSIVE DAMAGE!! (PAUSE)
Your transformation has ended.
You turn into a tree.
Your roots penetrate the ground.
You lose your grip on the elf zombie.
The elf zombie hits you.
You die...

Skill      XL: |  1  2  3  4  5 |
---------------+----------------+-----
Stealth        | 1 2 3 4 |  4.4
Unarmed Combat | 4 |  4.4
Shapeshifting  | 4 |  4.1
Fighting       | |  1.0
Dodging        | |  2.0

Action                     |  1- 3 |  4- 6 || total
---------------------------+-------+-------++-------
  Melee: Unarmed           |    61 |    97 ||   158
         Tentacles         |    14 |    24 ||    38
         Constrict         |    16 |    28 ||    44
         Punch             |     1 |     6 ||     7
    Use: Potion            |       |     2 ||     2
         Scroll            |       |     6 ||     6
   Stab: Sleeping          |     6 |    10 ||    16
         Distracted        |       |     1 ||     1
 Armour: Skin              |    22 |    72 ||    94
  Dodge: Dodged            |    34 |    65 ||    99

Levels and vault maps discovered:
D:1:      wander_arrival_lonely_grave, layout_basic, serial_curves,
          eino_curves_04, eino_curves_03, minivault_5
D:2:      layout_rooms, basic_altar, dreamdust_princess_bridge,
          interstate_on_off, kennysheep_generic_room_16
D:3:      layout_basic, zin_scriptorium
D:4:      layout_cave_pools, nicolae_ashenzari_skybound,
          nicolae_ossuary_entry_plus, uniq_pikel
Ossuary:  ossuary_tomb_1

Notes
Turn   | Place    | Note
-------+----------+-------------------------------------------
     0 | D:1      | ytrimaz the Octopode Shapeshifter began the quest for the
                  | Orb.
     0 | D:1      | Reached XP level 1. HP: 13/13 MP: 1/1
     0 | D:1      | magus.rc [v1.9.6]
   119 | D:1      | You pick up a book of Burglary and begin reading...
   119 | D:1      | You add the spells Passwall, Ensorcelled Hibernation and
                  | Swiftness to your library.
   162 | D:1      | Reached skill level 1 in Stealth
   194 | D:1      | Reached XP level 2. HP: 17/18 MP: 2/2
   871 | D:2      | Found a sparkling altar of Nemelex Xobeh.
   880 | D:2      | Reached skill level 2 in Stealth
   880 | D:2      | Reached XP level 3. HP: 23/23 MP: 3/3
  1147 | D:2      | Reached XP level 4. HP: 19/28 MP: 4/4
  1253 | D:2      | Reached skill level 3 in Stealth
  1868 | D:3      | Reached XP level 5. HP: 20/33 MP: 5/5
  1876 | D:3      | Reached skill level 4 in Unarmed Combat
  1880 | D:3      | Reached skill level 4 in Shapeshifting
  1960 | D:3      | You pick up a book of Spatial Translocations and begin
                  | reading...
  1960 | D:3      | You add the spells Blink, Momentum Strike and Lesser
                  | Beckoning to your library.
  2063 | D:3      | Identified the ring of the Kitsune {rElec rN+}
  2110 | D:4      | Reached skill level 4 in Stealth
  2131 | D:4      | Found a sand-covered staircase.
  2136 | Ossuary  | Entered an ossuary
  2365 | Ossuary  | HP: 8/33 [elf zombie (2)]
  2366 | Ossuary  | HP: 1/33 [elf zombie (7)]
  2367 | Ossuary  | Slain by an elf zombie

Vanquished Creatures
  A centaur zombie (Ossuary)
  An orc priest (D:3)
  An orc wizard (D:3)
  4 adders
  2 adder zombies (Ossuary)
  2 worms (D:2)
  2 dart slugs
  2 orcs (D:3)
  8 bats
  3 endoplasms (D:1)
  A giant cockroach (D:2)
  6 goblins
  8 hobgoblins
  A quokka (D:3)
  3 ball pythons
  2 frilled lizards
  2 goblin zombies (Ossuary)
  5 hobgoblin zombies (Ossuary)
  2 kobolds (D:2)
  8 kobold zombies (Ossuary)
  11 orc zombies (Ossuary)
  7 rats
82 creatures vanquished.

Table legend:
 A = Non-vault XP
 B = Vault XP
 C = Vault XP percentage of total XP
 D = Non-vault monster count
 E = Vault monster count
 F = Vault count percentage of total count
                 A         B        C        D         E       F
            +---------+---------+-------+---------+---------+-------
      Total |     193 |     112 |  36.7 |      51 |      31 |  37.8
            +---------+---------+-------+---------+---------+-------
        D:1 |      29 |       0 |   0.0 |      16 |       0 |   0.0
        D:2 |      53 |      27 |  33.8 |      20 |       2 |   9.1
        D:3 |     107 |       0 |   0.0 |      13 |       0 |   0.0
        D:4 |       4 |       0 |   0.0 |       2 |       0 |   0.0
    Ossuary |       0 |      85 | 100.0 |       0 |      29 | 100.0
            +---------+---------+-------+---------+---------+-------

Skill      XL: |  1  2  3  4  5 |
---------------+----------------+-----
Stealth        | 1 2 3 4 |  4.4
Unarmed Combat | 4 |  4.4
Shapeshifting  | 4 |  4.1
Fighting       | |  1.0
Dodging        | |  2.0

Action                     |  1- 3 |  4- 6 || total
---------------------------+-------+-------++-------
  Melee: Unarmed           |    61 |    97 ||   158
         Tentacles         |    14 |    24 ||    38
         Constrict         |    16 |    28 ||    44
         Punch             |     1 |     6 ||     7
    Use: Potion            |       |     2 ||     2
         Scroll            |       |     6 ||     6
   Stab: Sleeping          |     6 |    10 ||    16
         Distracted        |       |     1 ||     1
 Armour: Skin              |    22 |    72 ||    94
  Dodge: Dodged            |    34 |    65 ||    99

Illustrated notes

Table legend:
 A = Kills in this place as a percentage of kills in the entire game.
 B = Kills by you in this place as a percentage of kills by you in the entire game.
 C = Kills by friends in this place as a percentage of kills by friends in the entire game.
 D = Other kills in this place as a percentage of other kills in the entire game.
 E = Experience gained in this place as a percentage of experience gained in the entire game.
 F = Experience gained in this place divided by the number of levels of this place that you have seen.
                   A       B       C       D       E      F
               +-------+-------+-------+-------+-------+----------------------
         Total | 100.0 | 100.0 |   N/A |   N/A | 100.0 |  61.0
       Dungeon |  64.6 |  64.6 |   N/A |   N/A |  72.1 |  55.0
       Ossuary |  35.4 |  35.4 |   N/A |   N/A |  27.9 |  85.0
               +-------+-------+-------+-------+-------+----------------------

Table legend: (Time is in decaauts)
 A = Elapsed time spent in this place.
 B = Non-inter-level travel time spent in this place.
 C = Inter-level travel time spent in this place.
 D = Time resting spent in this place.
 E = Time spent auto-exploring this place.
 F = Levels seen in this place.
 G = Mean time per level.
                   A        B        C        D        E       F      G
               +--------+--------+--------+--------+--------+-----+--------+
         Total |   2353 |   2328 |     25 |      4 |   1718 |   5 |  470.6 |
       Dungeon |   2128 |   2103 |     25 |      0 |   1697 |   4 |  532.0 |
       Ossuary |    225 |    225 |      0 |      4 |     21 |   1 |  225.0 |
               +--------+--------+--------+--------+--------+-----+--------+

Top non-repeatable levels by time:
     D:1: 867 daAuts
     D:2: 702 daAuts
     D:3: 505 daAuts
 Ossuary: 225 daAuts
     D:4: 52 daAuts
